 Dungeon Crawl Stone Soup version 0.18-a0-1027-g814d7dd (webtiles) character file.

162025 M4edhros the Fetichist (level 17, -10/116 HPs)
             Began as an Octopode Artificer on Jan 9, 2016.
             Was a High Priest of Fedhas.
             Mangled by a vault warden
             ... wielding a +0 great mace
              (41 damage)
             ... on level 1 of the Vaults.
             The game lasted 02:17:29 (33314 turns).

M4edhros the Fetichist (Octopode Artificer)        Turns: 33314, Time: 02:17:29

Health: -10/116    AC:  5    Str: 13 (16) XL:     17   Next: 50%
Magic:  26/28      EV: 25    Int: 27      God:    Fedhas [*****.]
Gold:   1095       SH: 18    Dex: 19 (20) Spells: 4 memorised, 0 levels left

rFire  + + .     SeeInvis .     g - +2 rod of inaccuracy (8/11)
rCold  . . .     Gourm    .     Z - +4 shield {reflect}
rNeg   + . .     Faith    .     (helmet restricted)
rPois  .         Spirit   .     T - amulet of rage
rElec  +         Dismiss  .     n - ring of protection from fire
rCorr  .         Reflect  +     z - ring "Vin Goejug" {rF+ Int+4}
SustAt .         Harm     .     D - ring of wizardry
MR     +....     Clarity  +     U - ring of positive energy
Stlth  +++++++...               h - +2 ring of evasion
                                v - +4 ring of dexterity
                                k - ring of wizardry
                                N - +3 ring of intelligence

@: somewhat resistant to hostile enchantments, extremely stealthy
A: almost no armour, amphibious, 8 rings, constrict 8, repulsion field 1, large
bone plates 1, thin metallic scales 1, camouflage 1, agile 2, berserk 1,
clarity, deterioration 1, regeneration 1, robust 1, electricity resistance,
strong 2, gelatinous body 1
a: Evolution, Sunlight, Growth, Reproduction, Rain, Renounce Religion, Evoke
Berserk Rage
}: 1/15 runes: decaying


You were on level 1 of the Vaults.
You worshipped Fedhas.
Fedhas was extremely pleased with you.
You were hungry.

You visited 7 branches of the dungeon, and saw 32 of its levels.
You also visited: Labyrinth and Ice Cave.

You collected 2739 gold pieces.
You spent 1644 gold pieces at shops.

Inventory:

Hand Weapons
 o - a +9 hunting sling of flaming
 H - a +5 blowgun
 M - the +7 Singing Sword
   (You found it on level 4 of the Dungeon)
Missiles
 e - 748 stones (quivered)
 i - 17 exploding sling bullets
 l - 16 curare-tipped needles
 t - 225 sling bullets
 I - 84 poisoned needles
Armour
 Z - a +4 shield of reflection (worn)
Rods
 b - a +6 rod of the swarm (10/10)
   (You acquired it on level 12 of the Dungeon)
 g - a +2 rod of inaccuracy (8/11) (weapon)
   (You bought it in a shop on level 2 of the Orcish Mines)
 w - a +5 rod of ignition (12/12)
   (You found it in a labyrinth)
Jewellery
 h - a +2 ring of evasion (on tentacle)
 k - a ring of wizardry (on tentacle)
 n - a ring of protection from fire (left tentacle)
 r - an uncursed ring of teleportation
 v - a +4 ring of dexterity (on tentacle)
 z - the ring "Vin Goejug" (right tentacle) {rF+ Int+4}
   (You bought it in a shop on level 1 of the Vaults)

   [ring of protection from fire]

   It affects your intelligence (+4).
   It protects you from fire.
 D - a ring of wizardry (on tentacle)
 N - a +3 ring of intelligence (on tentacle)
 T - an amulet of rage (around mantle)
 U - a ring of positive energy (on tentacle)
Wands
 a - a wand of disintegration (7/24)
 m - a wand of paralysis (10/24)
 q - a wand of slowing (24/48)
 y - a wand of fireball (7/15)
 C - a wand of confusion (8/48)
 J - a wand of cold (6/15)
 K - a wand of lightning (8/15)
 X - a wand of fire (13/15)
Scrolls
 j - 3 scrolls of fog
 F - 4 scrolls of blinking
 G - 8 scrolls of teleportation
 L - a scroll of summoning
 O - 2 scrolls of magic mapping
 V - 3 scrolls of fear
Potions
 f - 4 potions of haste
 s - 2 potions of heal wounds
 A - 2 potions of curing
 Y - 2 potions of might
Books
 u - a book of Minor Magic

   Spells                             Type                      Level
   a - Magic Dart                     Conjuration                  1
   b - Blink                          Translocation                2
   c - Call Imp                       Summoning                    2
   d - Repel Missiles                 Charms/Air                   2
   e - Slow                           Hexes                        2
   f - Conjure Flame                  Conjuration/Fire             3
   g - Mephitic Cloud                 Conjuration/Poison/Air       3
Miscellaneous
 p - a phial of floods
 B - a fan of gales
 Q - a lamp of fire
 R - a stone of tremors
 W - a disc of storms
Comestibles
 d - 3 beef jerkies
 x - 23 fruits
 S - 2 bread rations


   Skills:
 - Level 6.4 Fighting
   Level 1.0(6.4) Short Blades
 - Level 10.1 Long Blades
 - Level 6.3 Slings
 - Level 12.1 Dodging
 - Level 11.5 Stealth
 - Level 10.5 Shields
 * Level 0.3 Spellcasting
 + Level 9.0 Transmutations
 + Level 9.0 Earth Magic
 + Level 12.3 Invocations
 * Level 15.6 Evocations


You couldn't memorise any spells.
You knew the following spells:

 Your Spells              Type           Power        Failure   Level  Hunger
a - Repel Missiles        Chrm/Air       #.....       10%         2    ###....
b - Statue Form           Trmt/Erth      #####....    32%         6    #######
c - Phase Shift           Tloc           #.........   96%         5    ######.
d - Mephitic Cloud        Conj/Pois/Air  #.......     24%         3    ####...


Dungeon Overview and Level Annotations

Branches:
Dungeon (15/15)            Temple (1/1) D:6            Lair (8/8) D:11
  Swamp (4/4) Lair:6        Snake (0/4) Lair:5        Slime (0/6) Lair:8
    Orc (2/2) D:12            Elf (0/3) Orc:2        Vaults (1/5) D:13
 Depths (1/5) D:15

Altars:
Ashenzari
Cheibriados
Dithmenos
Elyvilon
Fedhas
Gozag
Kikubaaqudgha
Makhleb
Nemelex Xobeh
Okawaru
Pakellas
Qazlal
Ru
Sif Muna
Trog
Vehumet
Xom
Yredelemnul
Zin
The Shining One

Shops:
D:7 ?   D:15 (%[   Orc:2 *[*?*   Vaults:1 *:*

Portals:
Trove: D:15 (give wand of hasting (9))

Annotations:
D:12 Nessos


Innate Abilities, Weirdness & Mutations

You cannot wear most types of armour.
You are amphibious.
You can wear up to eight rings at the same time.
You can use your tentacles to constrict eight enemies at once.
Your skin changes colour to match your surroundings (Stealth).
Your rubbery body absorbs attacks (AC +1).
You are surrounded by a mild repulsion field (EV +2).
You are partially covered in large bone plates (AC +2, SH +2).
You are partially covered in thin metallic scales (AC +2).
You are very agile. (Dex +4)
You tend to lose your temper in combat.
You possess an exceptional clarity of mind.
Your body sometimes deteriorates upon taking damage.
Your natural rate of healing is unusually fast.
You are robust (+10% HP).
You are resistant to electric shocks.
Your muscles are very strong. (Str +4)


Message History

The vault warden is moderately wounded.
You block the vault warden's attack.
The Screaming Sword hisses, "Let's hear you complain about my singing with your throat slit!"
Wield which item (- for none, * to show all)? (? for menu, Esc to quit)
The Singing Sword sighs.
g - a +2 rod of inaccuracy (11/11) (weapon)
Select sunlight destination.
Press: ? - help, Dir - move target cursor You feel slightly more hungry.
The vault warden hits you with a great mace!!
* * * LOW HITPOINT WARNING * * *
Aiming: Bolt of Inaccuracy
Press: ? - help, Shift-Dir - straight line, f - vault warden
Aim: a vault warden, wielding a great mace and wearing a chain mail (lightly wounded, haloed)
The narrow beam of energy hits the vault warden.
The vault warden is severely wounded.
The runic seals fade away.
The vault warden hits you with a great mace!!!
You die...
Fedhas appreciates your contribution to the ecosystem.

.#...#.........#........#
.#...#.........#........#
##...'.........#........#
.....###########........#
........................#
......../?..............#
...................?....#
..............######+#..#
..............#.@....#..#
..............#p####.#..#
..............#.#%?#.#..#
..............#.##+#.#..#
..............#.#..#.#..#
..............#.'..+.#..#
#)##..........########..#
.).#....................#
)).#....................#


You could see a vault warden.

Vanquished Creatures
  Agnes (D:15)
  Kirke (D:13)
  2 very ugly things (Swamp:4)
  A stone giant (Orc:2)
  A dire elephant (D:15)
  2 blizzard demons (IceCv)
  2 green deaths (Swamp:4)
  A minotaur (Lab)
  6 vault guards
  Josephine (D:15)
  2 death oozes (Swamp:4)
  15 hydras
  A hell beast (Swamp:4)
  5 ogre magi
  2 death knights
  7 death yaks (Lair:8)
  7 alligators
  A queen ant (D:13)
  2 thrashing horrors (Swamp:4)
  Urug (D:12)
  2 wizards
  7 skeletal warriors
  3 spriggan druids
  2 unseen horrors (D:11)
  3 hill giants
  A deep troll (Depths:1)
  An ironbrand convoker (Vaults:1)
  10 swamp dragons
  Pikel (D:6)
  A necromancer (Lair:7)
  A lindwurm (Lair:7)
  An orc knight (D:15)
  3 deep elf magi
  12 ugly things
  A wolf spider (D:15)
  4 cyclopes
  2 hornets
  A griffon (D:13)
  A vault sentinel (Vaults:1)
  2 ice statues (IceCv)
  2 black mambas
  A kobold demonologist (D:15)
  16 spiny frogs
  2 orange demons (Swamp:4)
  3 yaktaurs (D:15)
  14 ice devils (IceCv)
  3 tengu conjurers
  10 komodo dragons
  A fire drake (Lair:7)
  A freezing wraith (D:14)
  8 polar bears (Lair:8)
  A troll (D:15)
  17 two-headed ogres
  3 giant leeches
  Prince Ribbit (D:6)
  19 slime creatures
  2 boulder beetles
  A minotaur skeleton (Lab)
  13 blink frogs
  2 raiju (Lair:8)
  A trapdoor spider (D:12)
  4 shadows
  32 yaks
  13 spriggans
  5 wraiths
  Sigmund (D:2)
  2 wyverns
  3 hogs (D:13)
  2 basilisks
  18 vampire mosquitoes
  7 hippogriffs
  A hungry ghost (D:12)
  Menkaure (D:4)
  9 wolves
  Edmund (D:6)
  16 swamp worms
  15 water moccasins
  10 soldier ants (D:13)
  13 insubstantial wisps
  8 wargs
  8 porcupines
  3 hell hounds (Lair:8)
  5 swamp drakes
  9 orc warriors
  A necrophage (D:7)
  12 ice beasts
  11 wasps
  39 ogres
  15 black bears
  3 sky beasts
  3 phantoms
  10 crocodiles
  A centaur (D:13)
  2 big kobolds
  2 gnoll sergeants
  15 giant frogs
  A wyvern skeleton (D:11)
  6 scorpions
  A killer bee (D:7)
  5 spriggan skeletons (D:9)
  2 wights (D:9)
  3 electric eels
  A vampire bat (D:3)
  7 crimson imps
  13 hounds
  2 giant frog zombies (D:5)
  5 jellies
  A centaur zombie (D:5)
  2 giant frog skeletons
  A gnoll shaman (D:6)
  5 centaur skeletons
  5 orc priests
  Ijyb (D:3)
  Terence (D:2)
  13 iguanas
  12 orc wizards
  40 worker ants
  A hell rat (Lair:1)
  2 yak simulacra (Lair:7)
  4 polar bear simulacra (Lair:7)
  21 sheep
  2 wolf simulacra (Lair:7)
  2 hound skeletons
  A worker ant zombie (D:6)
  19 gnolls
  18 adders
  34 river rats
  3 shadow imps
  4 white imps (IceCv)
  6 ufetubi (IceCv)
  An adder skeleton (D:7)
  4 worms
  6 giant geckos
  64 orcs
  6 giant cockroaches
  5 goblins
  7 hobgoblins
  16 jackals
  15 kobolds
  3 quokkas
  3 ball pythons
  18 bats
  6 giant newts
  4 rats
  3 river rat simulacra (Lair:7)
  13 ballistomycetes (Orc:2)
  4 giant spores (Orc:2)
963 creatures vanquished.

Vanquished Creatures (collateral kills)
  3 vault guards (D:13)
  An ogre mage (Orc:2)
  4 hydras
  2 death yaks (Lair:8)
  A tengu warrior (D:12)
  An alligator (Swamp:1)
  Sonja (Lair:1)
  Nergalle (Lair:1)
  A skeletal warrior (D:15)
  A hill giant (D:11)
  A manticore (D:12)
  6 ugly things
  6 slime creatures
  Joseph (Lair:1)
  2 gargoyles
  A centaur skeleton (D:15)
  An orange demon (Swamp:4)
  A black mamba (Lair:8)
  2 spiny frogs
  A komodo dragon (Lair:7)
  A polar bear (Lair:7)
  A wandering mushroom (D:12)
  2 two-headed ogres
  4 trolls
  A raiju (Lair:8)
  6 blink frogs (Lair:8)
  A spriggan (Swamp:2)
  A water elemental (D:15)
  2 hogs (D:13)
  11 yaks
  2 wraiths
  4 wolves
  5 vampire mosquitoes
  2 insubstantial wisps (Swamp:4)
  2 soldier ants (D:13)
  3 swamp worms
  3 water moccasins
  2 porcupines (Lair:7)
  4 orc warriors
  2 sky beasts
  A black bear (Lair:8)
  A wasp (Swamp:3)
  5 ogres
  2 crocodiles
  4 giant frogs
  A wyvern skeleton (D:14)
  2 wights (D:9)
  A troll skeleton (D:9)
  3 hounds
  3 orc priests
  4 orc wizards
  3 iguanas
  2 worker ants
  A hell rat (Lair:1)
  2 sheep
  A worker ant zombie (D:5)
  4 gnolls
  An adder (D:12)
  19 orcs
  A ball python (D:4)
  A rat (Lair:1)
  3 giant spores (Orc:2)
  A hyperactive ballistomycete (Orc:2)
163 creatures vanquished.

Vanquished Creatures (others)
  An oklob plant (IceCv)
  2 thorn hunters (Swamp:4)
  An alligator (Swamp:4)
  A shambling mangrove (Swamp:2)
  A wolf spider zombie (D:15)
  2 hornets (Swamp:3)
  3 spiny frogs
  A troll (Orc:2)
  15 bog bodies
  5 slime creatures
  2 spriggans
  A basilisk (Lair:7)
  A human (D:13)
  2 vampire mosquitoes (Swamp:4)
  A swamp worm (Swamp:3)
  3 swamp drakes
  41 wandering mushrooms
  4 wasps
  An orc warrior (Orc:2)
  2 white imps (IceCv)
  5 ufetubi (IceCv)
  9 ballistomycetes (Orc:2)
  A fire vortex (Lair:5)
  10 fungi
  A giant spore (Orc:2)
  2 hyperactive ballistomycetes (Orc:2)
  29 plants
  843 toadstools
990 creatures vanquished.

Grand Total: 2116 creatures vanquished

Notes
Turn   | Place    | Note
--------------------------------------------------------------
     0 | D:1      | M4edhros the Octopode Artificer began the quest for the Orb.
     0 | D:1      | Reached XP level 1. HP: 13/13 MP: 3/3
   130 | D:1      | Reached XP level 2. HP: 15/18 MP: 4/4
   625 | D:2      | Noticed Sigmund
   641 | D:2      | Killed Sigmund
   641 | D:2      | Reached skill level 4 in Stealth
   641 | D:2      | Reached XP level 3. HP: 14/23 MP: 4/6
   641 | D:2      | Reached XP level 4. HP: 17/28 MP: 4/7
   641 | D:2      | Reached XP level 5. HP: 20/33 MP: 4/8
   890 | D:3      | Reached skill level 5 in Stealth
   896 | D:3      | Noticed Ijyb
   905 | D:3      | Killed Ijyb
   905 | D:3      | Reached XP level 6. HP: 17/38 MP: 9/9
  1312 | D:5      | Entered Level 5 of the Dungeon
  1701 | D:5      | Reached skill level 1 in Slings
  1791 | D:5      | Reached skill level 6 in Stealth
  1951 | D:5      | Reached XP level 7. HP: 43/43 MP: 10/10
  1959 | D:5      | Reached skill level 5 in Dodging
  2343 | D:5      | Reached skill level 7 in Stealth
  2604 | D:4      | Noticed Menkaure
  2891 | D:4      | Found a burning altar of Makhleb.
  2891 | D:4      | Found a blossoming altar of Fedhas.
  2951 | D:4      | Found an ancient bone altar of Kikubaaqudgha.
  2951 | D:4      | Noticed a human
  3287 | D:4      | Killed Menkaure
  3287 | D:4      | Reached skill level 5 in Evocations
  3287 | D:4      | Reached XP level 8. HP: 43/48 MP: 11/11
  3467 | D:6      | Found a staircase to the Ecumenical Temple.
  3476 | Temple   | Entered the Ecumenical Temple
  3503 | Temple   | Became a worshipper of Xom of Chaos
  3614 | D:4      | Fell from the grace of Xom
  3614 | D:4      | Became a worshipper of Fedhas Madash
  3808 | D:2      | You fall through a shaft!
  4161 | D:2      | Noticed Terence
  4171 | D:2      | Killed Terence
  4365 | D:3      | Reached skill level 8 in Stealth
  4373 | D:3      | Reached * piety under Fedhas
  4479 | D:3      | Found an ancient bone altar of Kikubaaqudgha.
  4512 | D:3      | Found a sacrificial altar of Ru.
  4744 | D:4      | Reached skill level 1 in Invocations
  4942 | D:6      | Noticed Prince Ribbit
  4946 | D:6      | Killed Prince Ribbit
  4953 | D:6      | Reached skill level 1 in Shields
  4973 | D:6      | Found a glowing golden altar of the Shining One.
  5006 | D:6      | Found a shadowy altar of Dithmenos.
  5183 | D:6      | Reached skill level 1 in Long Blades
  5240 | D:6      | XOM: polymorph gnoll -> hound
  5242 | D:6      | Reached skill level 9 in Stealth
  5382 | D:6      | Found a radiant altar of Vehumet.
  5384 | D:6      | Reached XP level 9. HP: 45/53 MP: 13/13
  5602 | D:6      | Noticed Pikel
  5614 | D:6      | Killed Pikel
  5642 | D:6      | XOM: summons 2 hostile demons
  5728 | D:6      | Noticed Edmund
  5736 | D:6      | Killed Edmund
  5791 | D:7      | Found an opulent altar of Gozag.
  5884 | D:7      | Found Kuitwuq's Magic Scroll Shop.
  5886 | D:7      | XOM: mild Trmt miscast
  6155 | D:7      | Bought a scroll of teleportation for 42 gold pieces
  6155 | D:7      | Bought a scroll of blinking for 105 gold pieces
  6155 | D:7      | Bought a scroll of fear for 49 gold pieces
  6155 | D:7      | Bought a scroll of recharging for 133 gold pieces
  6265 | D:7      | XOM: mild Erth miscast
  6373 | D:7      | Reached ** piety under Fedhas
  6636 | D:7      | Reached XP level 10. HP: 58/58 MP: 14/14
  6765 | D:7      | Reached skill level 10 in Stealth
  6798 | D:7      | XOM: stat loss: -3 Str (9/12)
  7205 | D:8      | XOM: mild Air miscast
  7217 | D:8      | Found a basalt altar of Yredelemnul.
  7477 | D:8      | Found a white marble altar of Elyvilon.
  7735 | D:8      | XOM: mild Conj miscast
  8123 | D:9      | XOM: mild Conj miscast
  8573 | D:9      | Reached skill level 5 in Shields
  8579 | D:9      | Reached skill level 5 in Long Blades
  8601 | D:9      | Reached *** piety under Fedhas
  8709 | D:9      | Found a bloodstained altar of Trog.
  8710 | D:9      | Found an iron altar of Okawaru.
  8832 | D:10     | Entered Level 10 of the Dungeon
  8832 | D:10     | Noticed a hill giant
  8846 | D:10     | Killed a hill giant
  8929 | D:10     | Gained mutation: You are robust (+10% HP). [mutagenic meat]
  8930 | D:10     | Gained mutation: You are partially covered in thin metallic scales (AC +2). [mutagenic meat]
  8931 | D:10     | Gained mutation: Your spells are a little easier to cast, but a little less powerful. [mutagenic meat]
  8932 | D:10     | Gained mutation: You are resistant to hostile enchantments. [mutagenic meat]
  8933 | D:10     | Gained mutation: One of your tentacles bears a spike. [mutagenic meat]
  8997 | D:10     | Noticed a gargoyle
  9072 | D:10     | Killed a gargoyle
  9072 | D:10     | Reached XP level 11. HP: 62/71 MP: 16/16
  9411 | D:10     | XOM: mild Divn miscast
  9774 | D:10     | XOM: noise
  9897 | D:10     | Gained mutation: You are agile. (Dex +2) [mutagenic meat]
  9898 | D:10     | Gained mutation: You are resistant to electric shocks. [mutagenic meat]
  9899 | D:10     | Gained mutation: You are very agile. (Dex +4) [mutagenic meat]
  9900 | D:10     | Lost mutation: You are resistant to hostile enchantments. [mutagenic meat]
  9901 | D:10     | Gained mutation: You are dopey. (Int -2) [mutagenic meat]
 10038 | D:10     | XOM: mild Conj miscast
 10271 | D:11     | XOM: harmless Air miscast
 10274 | D:11     | Reached **** piety under Fedhas
 10340 | D:11     | Noticed a hill giant
 10357 | D:11     | Killed a hill giant
 10357 | D:11     | Reached skill level 5 in Invocations
 10435 | D:11     | XOM: harmless Erth miscast
 10475 | D:11     | Noticed an unseen horror
 10485 | D:11     | Killed an unseen horror
 10485 | D:11     | Reached skill level 11 in Stealth
 10507 | D:11     | XOM: harmless Summ miscast
 10570 | D:11     | XOM: harmless Hex miscast
 10594 | D:11     | Found a staircase to the Lair.
 10619 | D:11     | Noticed an unseen horror
 10619 | D:11     | Killed an unseen horror
 10628 | D:11     | XOM: silly message
 11043 | D:12     | Noticed Urug
 11058 | D:12     | Killed Urug
 11068 | D:12     | Noticed a cyclops
 11078 | D:12     | Killed a cyclops
 11125 | D:12     | Found a staircase to the Orcish Mines.
 11604 | D:12     | Noticed a manticore
 11646 | D:12     | Killed a manticore
 11903 | D:12     | Noticed a deep elf mage
 11911 | D:12     | Killed a deep elf mage
 11922 | D:12     | Reached XP level 12. HP: 41/81 MP: 13/17
 12259 | D:12     | XOM: noise
 12424 | D:12     | Noticed a tengu warrior
 12445 | D:12     | Killed a tengu warrior
 12450 | D:12     | Identified a scroll of acquirement
 12453 | D:12     | Identified a +4 rod of the swarm (9/9) (You acquired it on level 12 of the Dungeon)
 12546 | D:12     | XOM: mild Ice miscast
 12677 | D:12     | Noticed Nessos
 12792 | D:12     | XOM: mild Air miscast
 12892 | D:13     | Noticed a seven-headed hydra
 12902 | D:13     | Killed an eight-headed hydra
 13104 | D:13     | Found a gate to the Vaults.
 13104 | D:13     | Noticed a vault guard
 13104 | D:13     | Noticed a vault guard
 13104 | D:13     | Noticed a vault guard
 13105 | D:13     | Noticed a vault guard
 13105 | D:13     | Noticed a vault guard
 13128 | Orc:1    | Entered Level 1 of the Orcish Mines
 13183 | Orc:2    | Entered Level 2 of the Orcish Mines
 13183 | Orc:2    | Found a staircase to the Elven Halls.
 13183 | Orc:2    | Noticed a stone giant
 13204 | Orc:2    | Killed a stone giant
 13204 | Orc:2    | Reached skill level 10 in Dodging
 13366 | D:11     | XOM: medium Ice miscast
 13385 | Lair:1   | Entered Level 1 of the Lair of Beasts
 13599 | Lair:1   | Noticed Nergalle
 13748 | Lair:1   | XOM: mild Divn miscast
 13769 | Lair:1   | Killed Nergalle
 14022 | Lair:1   | Noticed Sonja
 14048 | Lair:1   | Killed Sonja
 14227 | Lair:1   | Noticed Joseph
 14426 | Lair:1   | Killed Joseph
 14636 | Lair:1   | XOM: noise
 14636 | Lair:1   | Was forgiven by Xom
 15261 | Lair:3   | Found a labyrinth entrance.
 15275 | Lab      | Entered a labyrinth
 15477 | Lab      | Noticed a minotaur
 15487 | Lab      | Killed a minotaur
 15492 | Lab      | Identified a +5 rod of ignition (12/12) (You found it in a labyrinth)
 15543 | Lab      | Got an ancient hand axe
 15544 | Lab      | Identified the +5 hand axe "Mudilir" {holy, rC+ Str+2 SInv} (You found it in a labyrinth)
 16945 | Lair:4   | Reached skill level 5 in Fighting
 17116 | Lair:4   | Reached XP level 13. HP: 57/89 MP: 19/19
 17268 | Lair:4   | Learned a level 2 spell: Repel Missiles
 17275 | Lair:4   | Learned a level 6 spell: Statue Form
 17473 | Lair:5   | Reached skill level 5 in Slings
 17789 | Lair:5   | Found a staircase to the Snake Pit.
 18028 | Lair:5   | Reached ***** piety under Fedhas
 18311 | Lair:6   | Found a staircase to the Swamp.
 18520 | Lair:6   | Gained mutation: Scrolls take you a little longer to read. [potion of mutation]
 18521 | Lair:6   | Gained mutation: You are weak. (Str -2) [potion of mutation]
 18521 | Lair:6   | Lost mutation: You are dopey. (Int -2) [potion of mutation]
 19109 | Lair:7   | Reached skill level 1 in Earth Magic
 19715 | Lair:7   | Reached skill level 1 in Transmutations
 19915 | Lair:7   | Reached skill level 10 in Evocations
 20573 | Lair:8   | Entered Level 8 of the Lair of Beasts
 20809 | Lair:8   | Reached XP level 14. HP: 97/97 MP: 21/21
 20956 | Lair:8   | Reached skill level 10 in Shields
 21330 | Lair:8   | Found a staircase to the Slime Pits.
 21519 | Lair:8   | Reached ****** piety under Fedhas
 21879 | Lair:8   | Reached skill level 10 in Long Blades
 22365 | Orc:2    | Reached skill level 12 in Dodging
 22483 | Orc:2    | Found Mekonirph's General Store.
 22483 | Orc:2    | Found Vot Woalet's Assorted Antiques.
 22484 | Orc:2    | Found Nuul's Armour Shop.
 22484 | Orc:2    | Found Ruoss's Magic Scroll Shoppe.
 22492 | Orc:2    | Bought a thick copper amulet for 185 gold pieces
 22494 | Orc:2    | Bought a scroll of summoning for 152 gold pieces
 22494 | Orc:2    | Bought a scroll of magic mapping for 56 gold pieces
 22495 | Orc:2    | Bought a scroll labeled LARUABU DOOM for 37 gold pieces
 22611 | Orc:2    | Found Iaisoask's Incredible Inventory.
 22620 | Orc:2    | Bought a +0 rod of inaccuracy (9/9) for 770 gold pieces
 22924 | D:13     | Reached XP level 15. HP: 92/104 MP: 20/23
 22970 | D:13     | Noticed Kirke
 23000 | D:13     | Killed Kirke
 23232 | D:13     | Gained mutation: Your flesh is heat resistant. [potion of mutation]
 23232 | D:13     | Lost mutation: You are weak. (Str -2) [potion of mutation]
 23232 | D:13     | Lost mutation: One of your tentacles bears a spike. [potion of mutation]
 24628 | D:14     | Reached skill level 5 in Earth Magic
 24628 | D:14     | Reached skill level 5 in Transmutations
 24918 | D:15     | Entered Level 15 of the Dungeon
 24939 | D:14     | Lost mutation: Your spells are a little easier to cast, but a little less powerful. [mutagenic meat]
 25073 | D:15     | Found Xunocot's Antique Armour Boutique.
 25126 | D:15     | Found Homihed's Food Shoppe.
 25136 | D:15     | Reached skill level 10 in Invocations
 25283 | D:15     | Reached skill level 13 in Evocations
 25300 | D:15     | Noticed Agnes
 25312 | D:15     | Killed Agnes
 25340 | D:15     | Noticed Josephine
 25350 | D:15     | Killed Josephine
 25398 | D:15     | Reached XP level 16. HP: 65/111 MP: 25/25
 25471 | D:15     | Gained mutation: You possess an exceptional clarity of mind. [mutagenic meat]
 25472 | D:15     | Gained mutation: You are surrounded by a mild repulsion field (EV +2). [mutagenic meat]
 25474 | D:15     | Gained mutation: Your magical capacity is low (-10% MP). [mutagenic meat]
 25475 | D:15     | Lost mutation: Your magical capacity is low (-10% MP). [mutagenic meat]
 25476 | D:15     | Gained mutation: You are partially covered in large bone plates (AC +2, SH +2). [mutagenic meat]
 25477 | D:15     | Gained mutation: Your natural rate of healing is unusually fast. [mutagenic meat]
 25478 | D:15     | Gained mutation: Your muscles are strong. (Str +2) [mutagenic meat]
 25479 | D:15     | Lost mutation: Your flesh is heat resistant. [mutagenic meat]
 25481 | D:15     | Lost mutation: Scrolls take you a little longer to read. [mutagenic meat]
 25482 | D:15     | Gained mutation: You tend to lose your temper in combat. [mutagenic meat]
 25483 | D:15     | Lost mutation: You are very agile. (Dex +4) [mutagenic meat]
 25484 | D:15     | Gained mutation: Your body sometimes deteriorates upon taking damage. [mutagenic meat]
 25656 | D:15     | Found a portal to a secret trove of treasure.
 25955 | D:15     | Found Nim Rerph's Weapon Shop.
 26104 | D:15     | Found a staircase to the Depths.
 26317 | Depths:1 | Entered Level 1 of the Depths
 26329 | Depths:1 | Noticed a sphinx
 26798 | Swamp:1  | Entered Level 1 of the Swamp
 27744 | Swamp:1  | Reached skill level 14 in Evocations
 27904 | Swamp:2  | Learned a level 5 spell: Phase Shift
 28372 | Swamp:2  | Gained mutation: Your muscles are very strong. (Str +4) [potion of beneficial mutation]
 28373 | Swamp:2  | Gained mutation: You are very agile. (Dex +4) [potion of beneficial mutation]
 29549 | Swamp:4  | Entered Level 4 of the Swamp
 29744 | Swamp:4  | Noticed a thorn hunter
 29770 | Swamp:4  | Killed a thorn hunter
 30159 | Swamp:4  | Found a frozen archway.
 30183 | IceCv    | Entered an ice cave
 30604 | IceCv    | Reached XP level 17. HP: 98/116 MP: 28/28
 30936 | Swamp:4  | Reached skill level 15 in Evocations
 32147 | Swamp:4  | Got a decaying rune of Zot
 32472 | Swamp:4  | Learned a level 3 spell: Mephitic Cloud
 32954 | Vaults:1 | Entered Level 1 of the Vaults
 32954 | Vaults:1 | Found Cibrulue's Assorted Antiques.
 32957 | Vaults:1 | Bought a bound golden ring for 115 gold pieces
 32959 | Vaults:1 | Identified the ring "Vin Goejug" {rF+ Int+4} (You bought it in a shop on level 1 of the Vaults)
 33076 | Vaults:1 | Found Boemnitre's Book Shoppe.
 33195 | Vaults:1 | Found Mira's Assorted Antiques.
 33314 | Vaults:1 | Mangled by a vault warden

Vault maps used:
D:1:      minmay_arrival_stair_chambers, serial_park_tiny_1,
          minmay_misc_feat_roman
D:2:      uniq_terence, uniq_sigmund
D:3:      lemuel_round_altar, nicolae_ru_sacrificial_ziggurat, first_bread,
          roderic_batcave, uniq_iyjb
D:4:      old_forge, gammafunk_temple_overflow_pools, tgw_kikubaaqudgha,
          uniq_menkaure
D:6:      lemuel_round_altar, grunt_dithmenos_smoke, vehumet_crystals,
          minmay_temple_entry_junction2, uniq_edmund, uniq_prince_ribbit1,
          uniq_pikel
D:7:      nicolae_gozag_seed_capital, serial_shops, nicolae_shop_statue_plus
D:8:      kennysheep_ying_yang
D:9:      grunt_temple_overflow_bloody_war, hangedman_tell_no_tales
D:10:     special_room
D:11:     lair_0_dummy
D:12:     uniq_urug, uniq_nessos
D:13:     erik_vaults_2, zaba_anthell, uniq_kirke
D:14:     minmay_misc_feat_iff
D:15:     hangedman_depths_entry_try_elsewhere_first, enter_trove_5,
          serial_shops, nicolae_shop_overgrown_old_shop, shop,
          nicolae_shop_waterfront, minmay_hedge_maze, uniq_josephine, uniq_agnes
Temple:   cyrus_temple_forest_13
Lair:1:   kennysheep_rathole, serial_bayou_shore_b, uniq_sonja, uniq_joseph,
          uniq_nergalle
Lair:2:   fungi_pond_lemuel, serial_bayou_shore_b
Lair:3:   lab_entry_generic
Lair:4:   lemuel_fruit_tree, serial_bayou_shore_a, serial_bayou_shore_b
Lair:5:   dummy_snake_entry
Lair:6:   swamp_mist, minivault_19, minivault_19
Lair:7:   eino_house_with_fridge
Lair:8:   hangedman_lair_caniforms_friends, minmay_slime_entry_oklob_enclosed,
          patterned_corridor, grunt_megastairs_4
Swamp:1:  evilmike_swamp_ruin_house_2, swamp_pool1
Swamp:2:  evilmike_swamp_ruin_rubble_2
Swamp:3:  serial_swamp_ruin, evilmike_swamp_ruin_rubble_1,
          evilmike_swamp_ruin_house_6, hangedman_swamp_ruin_hall
Swamp:4:  swamp_vile, portal_ice_cave_entry_ice_beasts,
          nicolae_swamp_alligator_family, infiniplex_staircase_pool
Orc:1:    serial_shops, nicolae_shop_behind_doors, minmay_orc_temple_b,
          uniq_fannar
Orc:2:    st_orc_ogre_mass, nicolae_alphabet_shops
Vaults:1: nicolae_vaults_mini_display_case, nicolae_vaults_little_squares_4,
          nicolae_vaults_yaktaur_gun_rack, v_misc_22, serial_shops, shop, shop,
          shop, uniq_jorgrun
Depths:1: roderic_ancient_swastika, lightli_too_deep,
          wad_floor_pattern_untrapped, st_stairs_12, spider_trap,
          lightli_giant_bouncers, uniq_aizul, uniq_norris
Lab:      labyrinth_hidden_loot
IceCv:    ice_cave_small_demon

Action                   |  1- 3 |  4- 6 |  7- 9 | 10-12 | 13-15 | 16-18 || total
-------------------------+-------+-------+-------+-------+-------+-------++-------
Melee: Short sword       |    45 |    65 |     9 |       |       |       ||   119
       War axe           |       |       |    81 |       |       |       ||    81
       Double sword      |       |       |   127 |   515 |   692 |   417 ||  1751
 Fire: Blowgun           |       |       |       |    53 |    37 |       ||    90
       Hunting sling     |       |       |       |    43 |   328 |   347 ||   718
 Cast: Repel Missiles    |       |       |       |       |     1 |     2 ||     3
Invok: Evolution         |       |       |     6 |    15 |    21 |     5 ||    47
       Sunlight          |       |       |       |     8 |    13 |    46 ||    67
       Reproduction      |       |       |       |       |     2 |       ||     2
       Growth            |       |       |       |       |       |     1 ||     1
       Rain              |       |       |       |       |       |     6 ||     6
 Abil: Evoke Berserk Rag |       |       |     1 |     1 |    14 |    11 ||    27
Evoke: Wand              |     3 |    15 |    13 |    13 |    16 |     9 ||    69
       Rod               |       |       |       |     8 |    56 |   109 ||   173
       Phial of floods   |       |       |       |       |       |     2 ||     2
       Lamp of fire      |       |       |       |       |       |     1 ||     1
  Use: Scroll            |       |       |     5 |    17 |    18 |    14 ||    54
       Potion            |       |       |     4 |    10 |     8 |     8 ||    30
 Stab: Sleeping          |     2 |     7 |    30 |    52 |    16 |     9 ||   116
       Distracted        |       |       |     1 |     3 |     5 |     7 ||    16
       Confused          |       |       |     1 |     7 |     6 |     1 ||    15
       Held in net/web   |       |       |     1 |       |       |       ||     1
       Paralysed         |       |       |       |       |     3 |     2 ||     5
  Eat: Chunk             |       |     2 |     5 |    15 |     5 |    17 ||    44
       Bread ration      |       |       |     3 |     1 |     4 |    10 ||    18
       Meat ration       |       |       |       |     6 |     5 |       ||    11
       Beef jerky        |       |       |       |     1 |       |     2 ||     3
       Pizza             |       |       |       |       |     3 |     1 ||     4
